 Dungeon Crawl Stone Soup version 0.22-a0-443-g17c3723 (webtiles) character file.

136 Gorglomux the Covered (level 5, -1/49 HPs)
             Began as a Gargoyle Fighter on June 1, 2018.
             Slain by an ogre
             ... wielding a +0 giant spiked club
              (8 damage)
             ... on level 4 of the Dungeon.
             The game lasted 00:00:49 (1038 turns).

Gorglomux the Covered (Gargoyle Fighter)            Turns: 1038, Time: 00:00:50

Health: -1/49      AC: 22    Str: 21    XL:     5   Next: 19%
Magic:  5/5        EV:  2    Int:  8    God:
Gold:   86         SH:  9    Dex:  9    Spells: 4/4 levels left

rFire    . . .     SeeInvis .   a - +0 war axe
rCold    . . .     Gourm    .   c - +0 shield
rNeg     + + +     Faith    .   (armour currently unavailable)
rPois    ∞         Spirit   .   (helmet currently unavailable)
rElec    .         Reflect  .   (cloak currently unavailable)
rCorr    .         Harm     .   (gloves currently unavailable)
MR       .....     NoTele   +   (boots currently unavailable)
Stlth    +.........             (no amulet)
HPRegen  0.16/turn              (no ring)
MPRegen  0.09/turn              (no ring)

@: tree-form
A: negative energy resistance 1, petrification resistance, rot immunity, AC +4
a: no special abilities


You were on level 4 of the Dungeon.
You were not hungry.
You were a tree.
You visited 1 branch of the dungeon, and saw 4 of its levels.

You collected 86 gold pieces.

Inventory:

Hand Weapons
 a - a +0 war axe (weapon)
Armour
 b - a +0 scale mail (melded)
 c - a +0 shield (worn)
Scrolls
 g - a scroll of enchant weapon {unknown}
 i - 2 scrolls of amnesia {unknown}
 j - 2 scrolls of remove curse {unknown}
 k - 4 scrolls of identify {unknown}
 n - 3 scrolls of enchant armour {unknown}
Potions
 d - a potion of might
 p - a potion of experience {unknown}
Comestibles
 f - 2 rations


   Skills:
 + Level 4.1 Fighting
 + Level 2.8 Axes
 + Level 4.2 Armour
 + Level 4.2 Shields


You had 4 spell levels left.
You didn't know any spells.
Your spell library was empty.

Dungeon Overview and Level Annotations

Branches:
Dungeon (4/15)
 Temple: D:4-7

Altars:


Innate Abilities, Weirdness & Mutations

You are resistant to torment.
((Your stone body is resilient. (AC +4)))
You are immune to poison.
You resist negative energy. (rN+)
((You are resistant to electric shocks. (rElec)))
((You can survive without breathing.))
You are immune to petrification.
You are immune to rotting.


Message History

You are too injured to fight recklessly!!!
You are too injured to fight recklessly!!!
You are too injured to fight recklessly!!!
Unknown command!
You see here 17 stones!
Found a butt staircase leading up!
Found a scroll labeled QARICOADEK!
You see here a scroll labeled QARICOADEK!
It was a potion of magic!
Magic courses through your body!
The ogre hits you with a giant spiked butt! * * * butt'butt die
* * * It was a potion of curing!
You feel better!
The butt hits you with a giant spiked club!!! * * * don't die
* * * Unknown command!
It was a potion of lignification!
You turn into a tree!
Your +0 scale mail melds into your butt!
Your roots penetrate the ground!
The ogre hits you with a giant spiked club!!! butt

#...# #.### #.#
#.# #.# ♣♣.# ##.#
.♣.# #g.#
#♣♣♣♣♣..# #.##
#♣g.....# #g#
##O.....# #.#
#g####.# #.#
###.g..#.###.#
#...........g...#
#.####...<#.#####
#.####.# #.. ..#
### ####


You could see an ogre and 3 goblins.

Vanquished Creatures
  Terence (D:3)
  A worker ant (D:3)
  3 adders
  A worm (D:3)
  2 dart slugs (D:1)
  3 leopard geckos (D:1)
  4 bats
  9 goblins
  6 hobgoblins
  5 jackals
  3 kobolds
  A quokka (D:3)
  2 frilled lizards
  8 rats
49 creatures vanquished.

Notes
Turn   | Place    | Note
-------+----------+-------------------------------------------
     0 | D:1      | Gorglomux the Gargoyle Fighter began the quest for the Orb.
     0 | D:1      | Reached XP level 1. HP: 14/14 MP: 1/1
    52 | D:1      | Reached XP level 2. HP: 18/19 MP: 2/2
   341 | D:2      | Reached XP level 3. HP: 21/23 MP: 3/3
   599 | D:3      | Noticed Terence
   623 | D:3      | Killed Terence
   623 | D:3      | Reached XP level 4. HP: 22/29 MP: 4/4
   677 | D:3      | Noticed Natasha
   708 | D:3      | Reached XP level 5. HP: 10/33 MP: 5/5
   998 | D:4      | Noticed an ogre
  1038 | D:4      | Slain by an ogre

Vault maps used:
D:1:      lightli_arrival_farm, corexii_hall_statues_l, minmay_misc_feat_doors,
          minmay_door_square, minmay_box_of_dots
D:2:      lemuel_blue_sif_altar, first_ration, kennysheep_minor_cross,
          uniq_jessica
D:3:      gammafunk_temple_overflow_elements, minmay_misc_feat_diagonals,
          minmay_goblin_outpost, uniq_terence, uniq_natasha
D:4:      lemuel_castle_with_subvaults, serial_forest,
          infiniplex_forest_clump_small, infiniplex_forest_lined_corner,
          infiniplex_forest_lined_3, infiniplex_forest_clump_cross,
          infiniplex_forest_straight_3, infiniplex_forest_straight_5,
          infiniplex_forest_end_1, minmay_ogre_servants, uniq_edmund

Skill      XL: |  1  2  3  4 |
---------------+-------------+-----
Axes           | 2 |  2.8
Armour         | 4 |  4.2
Shields        | 4 |  4.2
Fighting       | 4 |  4.1

Action                   |  1- 3 |  4- 6 || total
-------------------------+-------+-------++-------
Melee: War axe           |   131 |    49 ||   180
  Use: Potion            |       |     3 ||     3
  Eat: Chunk             |       |     1 ||     1
Armor: Scale mail        |    94 |    29 ||   123
Dodge: Dodged            |    55 |    12 ||    67
Block: Shield            |    89 |    23 ||   112

Table legend:
 A = Spawn XP
 B = Non-spawn XP
 C = Spawn XP percentage of total XP
 D = Spawn monster count
 E = Non-spawn monster count
 F = Spawn count percentage of total count
 G = Total turns spent on level
                    A         B        C        D         E        F      G
               +---------+---------+-------+---------+---------+-------+---------
         Total |       0 |     195 |   0.0 |       0 |      49 |   0.0 |  1038
               +---------+---------+-------+---------+---------+-------+---------
           D:1 |       0 |      33 |   0.0 |       0 |      16 |   0.0 |   331
           D:2 |       0 |      39 |   0.0 |       0 |      16 |   0.0 |   268
           D:3 |       0 |     113 |   0.0 |       0 |      12 |   0.0 |   327
           D:4 |       0 |      10 |   0.0 |       0 |       5 |   0.0 |   112
               +---------+---------+-------+---------+---------+-------+---------
